 Dungeon Crawl Stone Soup version 0.31-a0-1008-g5b978da (webtiles) character file.

Game seed: 13743306298534559461

4 Partyfoot the Shooter (level 1, -1/17 HPs)
             Began as a Formicid Hunter on Nov 12, 2023.
             Slain by a quokka (2 damage)
             ... on level 1 of the Dungeon.
             The game lasted 00:00:16 (40 turns).

Partyfoot the Shooter (Formicid Hunter)               Turns: 40, Time: 00:00:17

Health: -1/17      AC:  3    Str: 15    XL:     1   Next: 66%
Magic:  1/1        EV: 12    Int:  8    God:
Gold:   14         SH:  0    Dex: 17    Spells: 0/0 levels left

rFire   . . .        a - +0 shortbow
rCold   . . .        (no shield)
rNeg    . . .        c - +0 leather armour
rPois   .            (helmet unavailable)
rElec   .            (no cloak)
rCorr   .            (no gloves)
SInv    +            (no boots)
Will    .....        (no amulet)
Stlth   ++           (no ring)
HPRegen 0.22/turn    (no ring)
MPRegen 0.07/turn

%: no passive effects
@: no status effects
A: permanent stasis, dig shafts and tunnels, antennae 3, four strong arms
a: Dig, Shaft Self


You were on level 1 of the Dungeon.
You visited 1 branch of the dungeon, and saw 1 of its levels.

You collected 14 gold pieces.

Inventory:

Hand Weapons
 a - a +0 shortbow (weapon)
Armour
 c - a +0 leather armour (worn)
Scrolls
 b - a scroll of butterflies


   Skills:
 + Level 2.3 Fighting
 + Level 4.0 Ranged Weapons
 - Level 1.8 Dodging
 + Level 1.5 Stealth


You couldn't memorise any spells.
You didn't know any spells.
Your spell library was empty.

Dungeon Overview and Level Annotations

Branches:
Dungeon (1/15)

Altars:


Innate Abilities, Weirdness & Mutations

You cannot be hasted, slowed, berserked, paralysed or teleported.
You can dig through walls and to a lower floor.
You have a pair of large antennae on your head. (SInv)
Your four strong arms can wield two-handed weapons with a shield.


Message History

A quokka comes into view.
The quokka twitches its whiskers.
You shoot an arrow.
The arrow hits the quokka but does no damage.
You shoot an arrow.
The arrow hits the quokka but does no damage.
A quokka comes into view.
You shoot an arrow. The arrow hits the quokka.
The quokka is almost dead.
You shoot an arrow. The arrow closely misses the quokka.
The quokka barely misses you.
You shoot an arrow. The arrow misses the quokka.
The quokka bites you. x2
The quokka misses you.
You are too injured to fight recklessly!
You are too injured to fight recklessly!
You are too injured to fight recklessly!
The quokka closely misses you.
You shoot an arrow. The arrow closely misses the quokka. x2
The quokka bites you. x2
* * * LOW HITPOINT WARNING * * *
You are too injured to fight recklessly!
You are too injured to fight recklessly!
You are too injured to fight recklessly!
You are too injured to fight recklessly!
You shoot an arrow. The arrow hits the quokka.
You kill the quokka!
You shoot an arrow. The arrow barely misses the quokka.
The quokka bites you but does no damage.
The quokka closely misses you.
You shoot an arrow.
The arrow hits the quokka but does no damage.
The quokka bites you.
* * * LOW HITPOINT WARNING * * *
You shoot an arrow. The arrow hits the quokka.
The quokka is almost dead.
The quokka completely misses you.
You shoot an arrow. The arrow closely misses the quokka.
The quokka bites you.
* * * LOW HITPOINT WARNING * * *
The quokka bites you.
You die...

####### #####.####
......# #........#
......# ####........#
......###...........#
♣..........†........#
.8....####.#####.####
....<..#...# #.#
.........### #.#
.......### #@#
......... #r##
#########.# #..# #
##.# .# .. #.# .. #.#


You could see a quokka.

Vanquished Creatures
  2 jackals (D:1)
  A quokka (D:1)
3 creatures vanquished.

Notes
Turn   | Place    | Note
-------+----------+-------------------------------------------
     0 | D:1      | Partyfoot the Formicid Hunter began the quest for the Orb.
     0 | D:1      | Reached XP level 1. HP: 16/16 MP: 1/1
    40 | D:1      | Slain by a quokka

Illustrated notes

Levels and vault maps discovered:
D:1:      wander_arrival_lonely_grave, layout_rooms, serial_shops, shop,
          hellmonk_ecumenical_altar_slurped_away

Action                     || total
---------------------------++-------
   Fire: Shortbow          ||    17
 Armour: Leather armour    ||     9
  Dodge: Dodged            ||     5

Table legend: (Time is in decaauts)
 A = Elapsed time spent in this place.
 B = Non-inter-level travel time spent in this place.
 C = Inter-level travel time spent in this place.
 D = Time resting spent in this place.
 E = Time spent auto-exploring this place.
 F = Levels seen in this place.
 G = Mean time per level.
                   A        B        C        D        E       F      G
               +--------+--------+--------+--------+--------+-----+--------+
         Total |     43 |     43 |      0 |      0 |     19 |   1 |   43.0 |
       Dungeon |     43 |     43 |      0 |      0 |     19 |   1 |   43.0 |
               +--------+--------+--------+--------+--------+-----+--------+

Top non-repeatable levels by time:
     D:1: 43 daAuts
